 Dungeon Crawl Stone Soup version 0.28.0-62-gf88900778d (webtiles) character file.

Game seed: 17973007488512010895

3236925 jjjjhere the Wrestler (level 26, 276/276 HPs)
             Began as a Troll Berserker on Apr 4, 2023.
             Was a High Priest of Trog.
             Escaped with the Orb
             ... and 5 runes on Apr 7, 2023!
             The game lasted 02:31:33 (67192 turns).

jjjjhere the Wrestler (Troll Berserker)            Turns: 67192, Time: 02:31:34

Health: 276/276    AC: 40    Str: 44    XL:     26   Next: 66%
Magic:  19/19      EV: 13    Int: 13    God:    Trog [*****.]
Gold:   4546       SH: 28    Dex: 18    Spells: 25/25 levels left

rFire   + + .      SeeInvis +     - Unarmed
rCold   . . .      Faith    +   Z - +7 tower shield of the Cricket {rElec rC- Str+4 Int+3}
rNeg    + . .      Spirit   .   K - +9 scales of the Dragon King {rPois rF+ rC+ Will+}
rPois   +          Reflect  .   (helmet restricted)
rElec   +          Harm     .   J - +0 cloak "Mowk" {+Inv rC+ Regen+}
rCorr   .          Rampage  .   (gloves unavailable)
Will    +++..                   (boots unavailable)
Stlth   ..........              U - amulet of Uxifavum {Faith rN+ Int+4}
HPRegen 2.16/turn               S - ring of Bufa {Will+ AC+4 Int+3 Stlth+}
MPRegen 0.16/turn               g - ring "Heckoyru" {Fire Dex+9 Slay+5 SInv Stlth-}

@: hasted (expiring), very quick
A: large, unfitting armour, claws 3, regeneration 1, shaggy fur 1, tough skin 1,
deterioration 1, low MP 1, mutation resistance 1, no potion heal 1
0: Orb of Zot
}: 5/15 runes: barnacled, silver, magical, fiery, gossamer
a: Renounce Religion, Evoke Invisibility, Berserk, Trog's Hand, Brothers in Arms


You escaped.
You worshipped Trog.
Trog was extremely pleased with you.
You visited 10 branches of the dungeon, and saw 49 of its levels.
You visited Pandemonium 1 time, and saw 10 of its levels.
You visited the Abyss 1 time.
You visited 1 bazaar.
You also visited: Bailey, Gauntlet, Ice Cave and Wizlab.

You collected 9220 gold pieces.
You spent 4674 gold pieces at shops.

Inventory:

Missiles
 a - 5 throwing nets
 o - 113 large rocks
 q - 18 silver javelins
 G - 11 boomerangs (quivered)
 W - 15 curare-tipped darts
Armour
 J - the +0 cloak "Mowk" (worn) {+Inv rC+ Regen+}
   (You found it in a Gauntlet)

   rC:        It protects you from cold.
   +Inv:      It lets you turn invisible.
   Regen:     It increases your rate of health regeneration.
 K - the +9 scales of the Dragon King (worn) {rPois rF+ rC+ Will+}
   (You bought it in a shop on level 1 of the Depths)

   rF:        It protects you from fire.
   rC:        It protects you from cold.
   rPois:     It protects you from poison.
   Will:      It increases your willpower.
 Z - the +7 tower shield of the Cricket (worn) {rElec rC- Str+4 Int+3}
   (You found it in a Gauntlet)

   Str:       It affects your strength (+4).
   Int:       It affects your intelligence (+3).
   rC:        It makes you vulnerable to cold.
   rElec:     It insulates you from electricity.
Jewellery
 g - the ring "Heckoyru" (right claw) {Fire Dex+9 Slay+5 SInv Stlth-}
   (You found it on level 4 of the Dungeon)

   [ring of fire]

   It enhances your fire magic.
   Dex:       It affects your dexterity (+9).
   Slay:      It affects your accuracy & damage with ranged weapons and melee
   (+5).
   rF:        It protects you from fire.
   rC:        It makes you vulnerable to cold.
   SInv:      It lets you see invisible.
   Stlth:     It makes you less stealthy.
 k - a ring of positive energy
 r - the ring "Xesynidgh" {rF+ AC+4}
   (You took it off a deep elf death mage on level 3 of the Elven Halls)

   [ring of protection]

   AC:        It affects your AC (+4).
   rF:        It protects you from fire.
 B - an amulet of the acrobat
 F - a ring of resist corrosion
 R - a ring of willpower
 S - the ring of Bufa (left claw) {Will+ AC+4 Int+3 Stlth+}
   (You bought it in a shop on level 4 of the Depths)

   [ring of protection]

   AC:        It affects your AC (+4).
   Int:       It affects your intelligence (+3).
   Will:      It increases your willpower.
   Stlth:     It makes you more stealthy.
 U - the amulet of Uxifavum (around neck) {Faith rN+ Int+4}
   (You took it off a deep elf annihilator on level 3 of the Elven Halls)

   [amulet of faith]

   It allows you to gain divine favour quickly.
   Int:       It affects your intelligence (+4).
   rN:        It protects you from negative energy.
 V - a ring of protection from cold
Wands
 d - a wand of flame (80)
 n - a wand of digging (30)
 s - a wand of iceblast (26)
 I - a wand of mindburst (32)
 P - a wand of acid (48)
Scrolls
 j - 13 scrolls of teleportation
 l - 2 scrolls of silence
 p - 17 scrolls of enchant armour
 v - a scroll of holy word
 w - 9 scrolls of fog
 y - 3 scrolls of summoning
 E - 3 scrolls of fear
 L - 8 scrolls of blinking
 T - 2 scrolls of brand weapon
Potions
 b - 2 potions of berserk rage
 e - 6 potions of mutation
 f - 2 potions of might
 h - 5 potions of resistance
 i - 3 potions of heal wounds
 m - 5 potions of invisibility
 t - 3 potions of haste
 u - 9 potions of attraction
 x - 21 potions of curing
 z - 8 potions of flight
 A - 19 potions of lignification
 C - 2 potions of cancellation
 O - 6 potions of magic
 Q - 13 potions of ambrosia
Miscellaneous
 c - a phantom mirror
 H - a tin of tremorstones (2/2)
 M - a lightning rod (4/4)
 N - the horn of Geryon
 X - a box of beasts
 Y - a condenser vane


   Skills:
 + Level 18.5 Fighting
 - Level 16.0 Throwing
 - Level 20.4 Armour
 + Level 14.7 Dodging
 - Level 17.3 Shields
 - Level 25.0 Unarmed Combat
 - Level 9.4 Evocations


You had 25 spell levels left.
You didn't know any spells.
Your spell library was empty.

Dungeon Overview and Level Annotations

Branches:
Dungeon (15/15) Temple (0/1) D:4 D:5 Lair (6/6) D:11 Shoals (4/4) Lair:3 Spider (4/4) Lair:4 Slime (0/5) Lair:6 Orc (2/2) D:11 Elf (3/3) Orc:2 Vaults (5/5) D:13 Crypt (0/3) Vaults:3 Depths (4/4) D:15 Hell (visited) Zot (5/5) Depths:4 Bailey (visited) IceCv (visited) WizLab (visited) Gauntlet (visited) Dis: Hell:1 Geh: Hell:1 Coc: Hell:1 Tar: Hell:1

Altars:
Ashenzari
Cheibriados
Elyvilon
Gozag
Kikubaaqudgha
Ru
Sif Muna
Wu Jian
Xom
Yredelemnul
Beogh
Jiyva

Shops:
D:2 *   D:4 *[   D:7 [   D:12 *   Orc:2 !!?!   Shoals:2 :   Shoals:3 :
Vaults:3 *   Depths:1 *[(   Depths:4 =:=

Portals:
Hell: Depths:1 Depths:2 Depths:3 Depths:4
Abyss: Depths:2 Depths:3
Pandemonium: Depths:4
Ziggurat: Depths:2

Annotations:
D:4 exclusion: door
D:8 1 runed translucent door, Coron's ghost, novice DDWn
Lair:1 3 runed translucent doors, Lutefisk's ghost, novice TeAE
Elf:2 3 runed translucent doors
Depths:1 exclusion: 2 doors
Depths:2 exclusion: door
Zot:5 36 runed doors


Innate Abilities, Weirdness & Mutations

You are too large for most types of armour.
You have claws for hands.
Your natural rate of healing is unusually fast.
You are covered in fur. (AC +1)
You have tough skin. (AC +1)
Your body sometimes deteriorates upon taking damage.
Your magical capacity is low. (-10% MP)
You are somewhat resistant to further mutation.
Potions are less effective at restoring your health.


Message History

Please select a direction to dig.
This square is covered in magical glow.
Okay, then.
Unknown command.
Unknown command.
Aiming: Dig
Press: ? - help, Shift-Dir - straight line A rock wall.
This square is covered in magical glow.
The rock shatters into small pieces.
You feel yourself speed up. The sixfirhy barely misses you.
Ufferuz gestures.
The sixfirhy hits you but does no damage.
You block the sixfirhy's attack. You block the sixfirhy's attack.
The sixfirhy barely misses you. You block the sixfirhy's attack.
You block the sixfirhy's attack. x2
You block the sixfirhy's attack. You block the sixfirhy's attack.
You block the sixfirhy's attack. x2
You enter the shallow water.
Moving in this stuff is going to be slow.
You block the sixfirhy's attack. x2
You block the sixfirhy's attack. You block the sixfirhy's attack.
You block the sixfirhy's attack. x2
The hell beast disappears in a puff of smoke!
There is a large open door here.
You block the sixfirhy's attack. You block the sixfirhy's attack.
There is a staircase leading out of the dungeon here.
Enter note: phew
Enter note: all these years and never won a troll berserker i think
Enter note: pan was hard. lots of hp, low defenses
Enter note: glad lom didnt come back during the ascent
Enter note: good early armor helped a lot
Enter note: and claws are always awesome Your extra speed is starting to run out.
You have escaped!

#.#.###########...###..####...###
#.#2.###...........##...........#
#.#.#.##.###..2.....#...###...#.#
.4####.#.##..##''##.2...# ###...#
..# ##2..2.##≈..≈##...## ####.
..# ##..####≈≈≈≈####..## #. 3.#
#...#############..# ###. ..#
#.####≈≈≈≈≈≈≈≈####.# #... ..# #.#
#≈≈≈..@.≈≈≈# #.# #.## ..# #.#
#.....3....# #2# #.# ..# ##.#
#'##....##'# #.## #.# #.#
##..###..##''##..###..## #.#
#.###..###⌠..#....#..⌠###..###.##
#.##..########....########.......
#.##.###≈≈≈.......§..≈≈≈###..####
#..#.#≈≈≈≈........#...≈≈≈≈#..#
##...≈≈≈≈...##≈....§...≈≈≈≈..#


You could see a sixfirhy.

Vanquished Creatures
  Cerebov (Pan)
  2 dread liches (Zot:5)
  7 ancient liches
  Mara (Spider:3)
  Mennas (Vaults:4)
  3 orbs of fire (Zot:5)
  Sojobo (Vaults:5)
  5 Killer Klowns
  Xtahua (Vaults:2)
  4 curse toes
  8 golden dragons
  Geryon (Hell)
  A golden dragon (shapeshifter) (Vaults:5)
  Nikola (Vaults:3)
  2 pandemonium lords (Pan)
  2 bone dragons
  A Tzitzimitl (Pan)
  2 Brimstone Fiends (Pan)
  5 electric golems
  3 searing wretches
  Rupert (D:13)
  Mlioglotl (Spider:1)
  An Ice Fiend (Pan)
  13 tentacled monstrosities
  26 Orb Guardians
  2 deep elf blademasters
  3 titans
  5 quicksilver dragons
  5 liches
  Asterion (Elf:3)
  2 deep elf master archers (Elf:3)
  4 sphinxes
  2 Executioners (Pan)
  2 krakens
  Polyphemus (Shoals:3)
  Murray (Depths:1)
  Frances (D:14)
  8 death cobs
  Donald (Spider:4)
  4 tengu reavers
  12 shadow dragons
  A fenstrider witch (Shoals:2)
  24 storm dragons
  6 fire giants
  5 demonspawn warmongers (Pan)
  4 draconian monks
  An iron dragon (Vaults:4)
  4 draconian knights
  5 frost giants
  16 vault wardens
  3 deep elf sorcerers
  A juggernaut zombie (Depths:2)
  15 balrugs (Pan)
  2 orc warlords
  7 emperor scorpions (Spider:4)
  4 cacodemons
  7 draconian scorchers
  4 draconian shifters
  5 deep elf elementalists
  6 ghost moths
  A demonspawn corrupter (Pan)
  5 draconian stormcallers
  6 reapers
  7 draconian annihilators
  21 ironbound preservers
  9 very ugly things
  5 demonspawn blood saints (Pan)
  2 spriggan defenders (Depths:4)
  11 deep elf demonologists
  4 vampire knights
  11 stone giants
  11 green draconians
  9 ironbound thunderhulks
  14 yellow draconians
  7 spark wasps
  3 demonspawn black suns (Pan)
  The ghost of Bolunijamo the Blocker, a journeyman GnFi of Okawaru (Lair:5)
  5 black draconians
  7 dire elephants
  5 lorocyprocas (Pan)
  9 purple draconians
  A black draconian (shapeshifter) (Vaults:4)
  10 entropy weavers
  8 white draconians
  The ghost of Decep the Fighter, a journeyman MiBe of Trog (Lair:4)
  9 deep elf annihilators
  7 red draconians
  Azrael (Lair:4)
  A minotaur (Gauntlet)
  13 blizzard demons
  Snorg (D:14)
  2 merfolk javelineers
  7 ettins
  6 deep elf death magi
  6 deep elf high priests
  10 great orbs of eyes
  4 fire dragons
  19 yaktaur captains
  6 green deaths (Pan)
  Erolcha (D:11)
  8 merfolk impalers
  A spriggan zombie (Depths:2)
  5 ice dragons
  13 boulder beetles
  33 vault guards
  Harold (D:11)
  A jorogumo (Spider:3)
  3 hydras
  4 rakshasas
  3 spriggan air magi
  3 ogre magi
  2 ironbound frosthearts (Vaults:1)
  9 centaur warriors
  4 alligator snapping turtles
  9 merfolk aquamancers
  2 catoblepae
  A radroach (Spider:3)
  2 death knights (Vaults:3)
  5 merfolk avatars
  24 two-headed ogres
  18 death yaks
  3 deep troll earth magi
  2 satyrs
  12 dancing weapons
  2 deep troll shamans (Depths:1)
  4 vampire magi
  15 soul eaters
  4 hell knights (Depths:2)
  2 orc high priests
  A tengu warrior (D:15)
  A shock serpent (shapeshifter) (Elf:1)
  7 deep elf knights
  A fire crab (Gauntlet)
  3 spriggan berserkers
  41 sun demons
  A fire crab (shapeshifter) (D:14)
  3 sun moths
  19 sixfirhies
  4 iron trolls
  A shadow wraith (Vaults:3)
  A spark wasp zombie (Depths:2)
  7 steelbarb worms
  13 sea snakes
  7 pharaoh ants
  A glowing orange brain (shapeshifter) (Depths:2)
  A spriggan simulacrum (Depths:2)
  63 deep trolls
  2 glowing orange brains
  A shadow demon (WizLab)
  7 deep elf archers
  8 phantasmal warriors
  10 lindwurms
  6 orb spiders
  An orange crystal statue (Zot:5)
  Pikel (D:5)
  9 harpies
  15 necromancers
  A flayed ghost (Depths:1)
  A lindwurm (shapeshifter) (D:15)
  10 wizards
  17 ironbound convokers
  21 wolf spiders
  5 orc sorcerers
  19 deep elf pyromancers
  19 deep elf zephyrmancers
  11 orc knights
  37 ugly things
  12 fauns
  23 moths of wrath
  22 manticores
  3 elephants (Lair:3)
  11 cyclopes
  A shining eye (shapeshifter) (Vaults:4)
  24 vault sentinels
  16 merfolk sirens
  5 rust devils
  3 torpor snails
  5 black mambas
  25 smoke demons (Pan)
  An ice statue (IceCv)
  7 water nymphs
  7 orange demons (Pan)
  A black mamba (shapeshifter) (D:14)
  5 unseen horrors
  A gargoyle (D:11)
  8 rime drakes
  2 hellions (Pan)
  11 cane toads
  7 kobold demonologists
  5 efreet
  Maggie (D:7)
  9 komodo dragons
  6 demonic crawlers
  3 tormentors
  22 hellwings (Pan)
  3 red devils
  26 yaktaurs
  15 meliai
  23 merfolk
  7 tengu conjurers
  3 ice devils
  14 trolls
  A troll (shapeshifter) (D:8)
  13 polar bears
  A queen bee (D:10)
  Grinder (D:5)
  5 wind drakes
  30 tarantellas
  12 snapping turtles
  3 blink frogs (Lair:2)
  7 hornets
  39 slime creatures
  9 dream sheep
  14 flying skulls
  41 jumping spiders
  15 spriggans
  A centaur simulacrum (D:15)
  2 air elementals (Elf:2)
  28 culicivoras
  3 shadows
  17 water elementals
  A yak (shapeshifter) (Vaults:1)
  A wraith (D:13)
  13 large abominations
  8 ynoxinuls (Pan)
  69 yaks
  4 fire bats (Gauntlet)
  3 basilisks
  9 chaos spawn
  8 fire elementals
  6 wyverns
  10 vampire mosquitoes
  2 neqoxecs (Pan)
  3 steam dragons
  75 redbacks
  3 wargs
  A harpy simulacrum (Hell)
  3 swamp worms (Gauntlet)
  Edmund (D:5)
  3 acid dragons
  4 hell hounds
  19 water moccasins
  A floating eye (shapeshifter) (Vaults:5)
  An ice beast (D:8)
  26 orc warriors
  2 sky beasts
  28 ogres
  5 boggarts
  2 necrophages (D:5)
  45 wolves
  28 centaurs
  A lemure (D:5)
  8 bullfrogs
  4 kobold brigands
  3 small abominations (Depths:2)
  2 scorpions
  A glowing shapeshifter simulacrum (Depths:2)
  A water moccasin skeleton (D:5)
  2 elephant simulacra (Lair:2)
  30 killer bees
  6 wights
  4 centaur zombies
  A bullfrog zombie (D:5)
  4 jellies (D:8)
  9 orc priests
  2 hounds
  5 iguanas
  Jessica (D:3)
  8 orc wizards
  2 wolf simulacra (Lair:2)
  A howler monkey zombie (D:5)
  12 gnolls
  4 adders
  A howler monkey skeleton (D:5)
  3 white imps
  A worm (D:2)
  2 dart slugs
  56 orcs
  5 ball pythons
  4 bats
  4 endoplasms
  A giant cockroach (D:1)
  18 goblins
  14 hobgoblins
  6 jackals
  2 quokkas (D:1)
  2 frilled lizards
  18 kobolds
  6 rats
  7 ball lightnings (Pan)
  6 tentacles
2335 creatures vanquished.

Vanquished Creatures (collateral kills)
  Ilsuiw (Shoals:2)
  A vault warden (Vaults:2)
  A reaper (Pan)
  2 merfolk impalers (Shoals:2)
  2 hydras
  A soul eater (Pan)
  Urug (Lair:6)
  A deep elf knight (Vaults:2)
  2 wizards
  A hellion (Pan)
  A yaktaur (Vaults:2)
  A merfolk (Shoals:2)
  2 yaks (Lair:6)
  A hell hound (Pan)
18 creatures vanquished.

Vanquished Creatures (others)
  An eldritch tentacle (Zot:5)
  A draconian scorcher (Zot:4)
  A white draconian (Zot:1)
  A green death (Pan)
  A rakshasa (Pan)
  A deep elf knight (Elf:3)
  2 sixfirhies (Pan)
  4 wizards (Pan)
  4 smoke demons (Pan)
  4 hellwings (Pan)
  A flying skull (Zot:1)
  An ogre (D:15)
  15 ball lightnings (Pan)
  A block of ice (Pan)
  3 bushes (D:11)
  14 fungi
  77 plants
  15 tentacles
147 creatures vanquished.

Grand Total: 2500 creatures vanquished

Notes
Turn   | Place    | Note
-------+----------+-------------------------------------------
     0 | D:1      | jjjjhere the Troll Berserker began the quest for the Orb.
     0 | D:1      | Reached XP level 1. HP: 22/22 MP: 0/0
    61 | D:1      | Reached XP level 2. HP: 14/29 MP: 1/1
   296 | D:1      | Reached XP level 3. HP: 33/36 MP: 2/2
   308 | D:1      | Reached ** piety under Trog
   705 | D:2      | Reached skill level 4 in Unarmed Combat
   754 | D:2      | Found Catexacw's General Store.
   790 | D:2      | Bought a scroll of identify for 28 gold pieces
  1170 | D:3      | Noticed Jessica
  1179 | D:3      | Killed Jessica
  1180 | D:3      | Reached XP level 4. HP: 45/45 MP: 3/3
  1297 | D:3      | Found a basalt altar of Yredelemnul.
  1624 | D:4      | You fall into a shaft and drop 2 floors!
  1632 | D:6      | Noticed an ogre
  1645 | D:6      | Killed an ogre
  1646 | D:6      | Reached skill level 5 in Unarmed Combat
  1646 | D:6      | Reached XP level 5. HP: 35/53 MP: 4/4
  1743 | D:6      | Noticed a water moccasin
  1758 | D:6      | Killed a water moccasin
  1759 | D:6      | Reached XP level 6. HP: 60/62 MP: 5/5
  1892 | D:6      | Noticed a sky beast
  1905 | D:6      | Killed a sky beast
  1906 | D:6      | Reached skill level 6 in Unarmed Combat
  2000 | D:6      | Found an ancient bone altar of Kikubaaqudgha.
  2062 | D:5      | Entered Level 5 of the Dungeon
  2062 | D:5      | Noticed Grinder
  2070 | D:5      | Killed Grinder
  2071 | D:5      | Reached skill level 7 in Unarmed Combat
  2071 | D:5      | Reached XP level 7. HP: 66/71 MP: 6/6
  2167 | D:4      | Found a staircase to the Ecumenical Temple.
  2171 | D:4      | Found Quneemn's Armour Emporium.
  2217 | D:4      | Found a shimmering blue altar of Sif Muna.
  2331 | D:4      | Identified the ring "Heckoyru" {Fire Dex+9 Slay+5 SInv
                  | Stlth-}
  2409 | D:4      | Found Yvirurale's Assorted Antiques.
  2414 | D:4      | Bought a shadowed robe for 142 gold pieces
  2414 | D:4      | Identified the +1 robe of Hadjma {rElec rPois Int+4} (You
                  | bought it in a shop on level 4 of the Dungeon)
  2511 | D:4      | Found the +7 Kryia's mail coat {PotionHeal*2 rC+}
  2815 | D:4      | Found a white marble altar of Elyvilon.
  2992 | D:5      | Noticed Pikel
  3006 | D:5      | Killed Pikel
  3007 | D:5      | Reached skill level 5 in Fighting
  3007 | D:5      | Reached skill level 9 in Unarmed Combat
  3007 | D:5      | Reached XP level 8. HP: 74/81 MP: 7/7
  3110 | D:5      | Noticed Edmund
  3116 | D:5      | Killed Edmund
  3538 | D:6      | Reached skill level 10 in Unarmed Combat
  3619 | D:6      | Reached *** piety under Trog
  3669 | D:6      | Reached XP level 9. HP: 89/89 MP: 8/8
  4429 | D:7      | Noticed Maggie
  4441 | D:7      | Killed Maggie
  5018 | D:7      | Found Dysotolu's Antique Armour Shoppe.
  5026 | D:7      | Bought a kite shield for 99 gold pieces
  5143 | D:8      | Reached skill level 11 in Unarmed Combat
  5181 | D:8      | Reached skill level 1 in Shields
  5259 | D:8      | Noticed a two-headed ogre
  5266 | D:8      | Killed a two-headed ogre
  5267 | D:8      | Reached skill level 12 in Unarmed Combat
  5320 | D:8      | Found a flagged portal.
  5333 | Bailey   | Entered a bailey
  5380 | Bailey   | Reached XP level 10. HP: 100/100 MP: 9/9
  5456 | Bailey   | Noticed an orc knight
  5498 | Bailey   | Killed an orc knight
  5498 | Bailey   | Reached **** piety under Trog
  5628 | Bailey   | Noticed an orc warlord
  5628 | Bailey   | Noticed an orc knight
  5629 | Bailey   | Noticed an orc knight
  5647 | Bailey   | Killed an orc warlord
  5648 | Bailey   | Reached skill level 13 in Unarmed Combat
  5651 | Bailey   | Killed an orc knight
  5654 | Bailey   | Killed an orc knight
  5658 | Bailey   | HP: 46/150 [orc warrior/+0 war axe (10)]
  5662 | Bailey   | Reached skill level 5 in Shields
  5751 | Bailey   | Acquired 581 gold pieces
  5753 | Bailey   | Acquired a manual of Fighting
  5759 | Bailey   | Identified the +2 pair of gloves "Yshottet" {rF+}
  5917 | D:8      | Noticed an eight-headed hydra
  5973 | D:8      | Killed an eight-headed hydra
  6199 | D:8      | Reached XP level 11. HP: 104/109 MP: 10/10
  6216 | D:8      | Found a runed translucent door.
  6216 | D:8      | Found a shimmering altar of Xom.
  6216 | D:8      | Noticed Coron's ghost (novice DDWn)
  6217 | D:8      | Noticed a +1 falchion of chaos
  6298 | D:8      | Noticed a centaur warrior
  6315 | D:8      | Killed a centaur warrior
  6667 | D:8      | Found a viscous altar of Jiyva.
  6824 | D:8      | Reached skill level 1 in Throwing
  7215 | D:9      | Noticed a two-headed ogre
  7221 | D:9      | Killed a two-headed ogre
  7761 | D:9      | Found a snail-covered altar of Cheibriados.
  7933 | D:10     | Entered Level 10 of the Dungeon
  7943 | D:10     | Noticed a two-headed ogre
  7953 | D:10     | Reached skill level 10 in Fighting
  7958 | D:10     | Killed a two-headed ogre
  8106 | D:10     | Noticed a two-headed ogre
  8109 | D:10     | Killed a two-headed ogre
  8217 | D:10     | Found a broken altar of Ashenzari.
  8241 | D:10     | Reached ***** piety under Trog
  8342 | D:10     | Reached skill level 5 in Throwing
  8517 | D:10     | Identified the +5 double sword "Ceeruefo" {vorpal, Will+}
                  | (Trog gifted it to you on level 10 of the Dungeon)
  8517 | D:10     | Received a gift from Trog
  8522 | D:10     | Reached XP level 12. HP: 122/130 MP: 11/11
  8735 | D:11     | Noticed a centaur warrior
  8741 | D:11     | Killed a centaur warrior
  8871 | D:11     | Noticed a two-headed ogre
  8875 | D:11     | Killed a two-headed ogre
  8962 | D:11     | Noticed Harold
  8965 | D:11     | Killed Harold
  9035 | D:11     | Noticed a two-headed ogre
  9038 | D:11     | Killed a two-headed ogre
  9142 | D:11     | Noticed a two-headed ogre
  9150 | D:11     | Killed a two-headed ogre
  9151 | D:11     | Noticed a boulder beetle
  9205 | D:11     | Killed a boulder beetle
  9210 | D:11     | Found a staircase to the Lair.
  9357 | D:11     | Found a staircase to the Orcish Mines.
  9562 | D:11     | Noticed Erolcha
  9565 | D:11     | Killed Erolcha
  9761 | Lair:1   | Entered Level 1 of the Lair of Beasts
  9792 | Lair:1   | Noticed an eight-headed hydra
  9801 | Lair:1   | Noticed Lutefisk's ghost (novice TeAE)
  9803 | Lair:1   | Found a runed translucent gate.
  9803 | Lair:1   | Noticed a catoblepas
  9804 | Lair:1   | Found a runed translucent gate.
  9804 | Lair:1   | Found a runed translucent gate.
  9811 | Lair:1   | HP: 39/136 [polar bear (12)]
  9814 | Lair:1   | HP: 7/136 [komodo dragon (26)]
  9819 | Lair:1   | HP: 20/136 [poisoned by a black mamba]
  9821 | D:11     | HP: 7/136 [poisoned by a black mamba]
  9956 | D:12     | Noticed a two-headed ogre
 10071 | D:12     | Reached XP level 13. HP: 83/144 MP: 12/12
 10474 | D:12     | Found Caint's Assorted Antiques.
 10586 | D:12     | Received a gift from Trog
 10986 | D:13     | Reached skill level 10 in Throwing
 11358 | D:13     | Noticed Rupert
 11359 | D:13     | Paralysed by Rupert for 2 turns
 11368 | D:13     | Killed Rupert
 11993 | Lair:1   | HP: 46/144 [eight-headed hydra (12)]
 12000 | Lair:1   | HP: 35/144 [yak (14)]
 12101 | Lair:1   | Reached skill level 5 in Dodging
 12171 | Lair:1   | You fall into a shaft and drop 1 floor!
 12185 | Lair:2   | Found a frozen archway.
 12212 | IceCv    | Entered an ice cave
 12705 | IceCv    | Acquired the +10 shadow dragon scales of the Pit {rPois rF+
                  | Dex+2 Stlth++++}
 12772 | IceCv    | Reached XP level 14. HP: 143/153 MP: 13/13
 12781 | IceCv    | Reached skill level 10 in Shields
 12986 | IceCv    | Noticed a frost giant
 12993 | IceCv    | Reached skill level 1 in Armour
 13003 | IceCv    | Killed a frost giant
 15524 | Lair:3   | Reached skill level 5 in Armour
 15528 | Lair:3   | Found a gate leading to a gauntlet.
 15533 | Gauntlet | Entered a Gauntlet
 15533 | Gauntlet | Found a transporter.
 15538 | Gauntlet | Found a transporter.
 15540 | Gauntlet | Found a transporter.
 15548 | Gauntlet | Found a runed translucent gate.
 15548 | Gauntlet | Found a runed translucent gate.
 15548 | Gauntlet | Found a runed translucent gate.
 15550 | Gauntlet | Found a transporter.
 15553 | Gauntlet | Found a transporter.
 15568 | Gauntlet | Found a transporter.
 15578 | Gauntlet | Found a transporter.
 15582 | Gauntlet | Found a runed translucent door.
 15590 | Gauntlet | Found a transporter.
 15600 | Gauntlet | Found a transporter.
 15615 | Gauntlet | Found a transporter.
 15628 | Gauntlet | Found a transporter.
 15628 | Gauntlet | Found a transporter.
 15683 | Gauntlet | Found a transporter.
 15700 | Gauntlet | Found a transporter.
 15798 | Gauntlet | Identified the +0 cloak "Mowk" {+Inv rC+ Regen+}
 15971 | Gauntlet | Identified the +7 tower shield of the Cricket {rElec rC-
                  | Str+4 Int+3}
 15998 | Gauntlet | Identified the +1 leather armour of Melancholy {rElec rF++
                  | Will- SInv}
 15998 | Gauntlet | Identified the ring of Cesijan {Ice Str+4 Dex+2}
 16152 | Lair:3   | Received a gift from Trog
 16482 | Lair:3   | Found a staircase to the Shoals.
 16797 | Lair:4   | Noticed Decep's ghost (journeyman MiBe)
 16811 | Lair:4   | Found a runed translucent gate.
 16811 | Lair:4   | Found a runed translucent gate.
 16811 | Lair:4   | Found a runed translucent gate.
 16825 | Lair:4   | Found a hole to the Spider Nest.
 17552 | Lair:4   | Reached XP level 15. HP: 159/159 MP: 14/14
 17568 | Lair:4   | Killed Decep's ghost
 17932 | Lair:5   | Found a runed translucent door.
 17932 | Lair:5   | Noticed Bolunijamo's ghost (journeyman GnFi)
 18350 | Lair:5   | Killed Bolunijamo's ghost
 18374 | Lair:6   | Entered Level 6 of the Lair of Beasts
 18528 | Lair:6   | Received a gift from Trog
 18906 | Lair:6   | Noticed Urug
 18915 | Lair:6   | Killed Urug
 19012 | Lair:6   | Found a staircase to the Slime Pits.
 19013 | Lair:6   | Found a viscous altar of Jiyva.
 19600 | Orc:1    | Entered Level 1 of the Orcish Mines
 19718 | Orc:2    | Entered Level 2 of the Orcish Mines
 19900 | Orc:2    | Found a staircase to the Elven Halls.
 19920 | Orc:2    | Received a gift from Trog
 20100 | Orc:2    | HP: 45/159 [two-headed ogre/+0 giant club (13)]
 20177 | Orc:2    | Reached skill level 14 in Unarmed Combat
 20436 | Orc:2    | Found Omoalano's Magic Scroll Shop.
 20486 | Orc:2    | Found Tupsashess's Distillery.
 20488 | Orc:2    | Found Ahuiwisch's Distillery.
 20496 | Orc:2    | Found Qarolip's Distillery.
 20804 | Orc:1    | Noticed an orc warlord
 20958 | Spider:1 | Entered Level 1 of the Spider Nest
 21008 | Spider:1 | Identified the ring "Ehiwk" {rElec rF- Int+3 SInv Stlth+}
 21093 | Spider:1 | Reached XP level 16. HP: 169/169 MP: 15/15
 21590 | Lair:4   | Received a gift from Trog
 21655 | Lair:4   | Reached skill level 15 in Unarmed Combat
 22080 | Spider:1 | Noticed Azrael
 22097 | Lair:4   | Killed Azrael
 22553 | Spider:1 | Noticed Mlioglotl
 22565 | Spider:1 | Killed Mlioglotl
 22857 | Spider:2 | Identified the +11 demon whip "Zetargh" {flame, rN+} (Trog
                  | gifted it to you on level 2 of the Spider Nest)
 22857 | Spider:2 | Received a gift from Trog
 23009 | Spider:2 | Reached skill level 16 in Unarmed Combat
 23373 | Spider:2 | Reached skill level 15 in Shields
 24063 | Spider:3 | Received a gift from Trog
 24435 | Spider:3 | Reached XP level 17. HP: 176/176 MP: 16/16
 24804 | Spider:4 | Entered Level 4 of the Spider Nest
 24804 | Spider:4 | Noticed Mara
 25157 | Spider:4 | Noticed jjjjhere's illusion
 25212 | Spider:3 | Killed Mara
 25803 | Spider:4 | Reached ****** piety under Trog
 25803 | Spider:4 | Received a gift from Trog
 25929 | Spider:4 | Reached skill level 10 in Armour
 25941 | Spider:4 | Noticed Donald
 25954 | Spider:4 | Killed Donald
 26179 | Spider:4 | Got a gossamer rune of Zot
 26476 | Shoals:1 | Entered Level 1 of the Shoals
 26776 | Lair:3   | Received a gift from Trog
 27866 | Shoals:2 | Noticed Ilsuiw
 27908 | Shoals:2 | HP: 59/182 [drowned by a water elemental[Ilsuiw] (5)]
 27915 | Shoals:2 | HP: 52/182 [something (14)]
 27918 | Shoals:2 | Killed Ilsuiw
 27997 | Shoals:2 | Reached XP level 18. HP: 191/192 MP: 17/17
 28394 | Shoals:2 | Reached skill level 15 in Fighting
 28479 | Shoals:2 | Received a gift from Trog
 28503 | Shoals:2 | Paralysed by a fenstrider witch for 5 turns
 28695 | Shoals:3 | Found Olichyri's Book Boutique.
 29049 | Shoals:3 | Reached skill level 17 in Unarmed Combat
 29157 | Shoals:3 | Reached skill level 1 in Evocations
 29234 | Shoals:3 | Noticed Polyphemus
 29246 | Shoals:3 | Killed Polyphemus
 29304 | Shoals:3 | Received a gift from Trog
 29495 | Shoals:3 | HP: 61/193 [tentacle[a kraken] (5)]
 29874 | Shoals:4 | Entered Level 4 of the Shoals
 29969 | Shoals:4 | Identified the +4 arbalest "Kepek" {freeze, Will+ Dex+7}
 30417 | Shoals:4 | Identified the +2 morningstar of Xufuyr {pain, rC+ Int+2}
 30780 | Shoals:4 | Got a barnacled rune of Zot
 31238 | D:13     | Found a gate to the Vaults.
 31251 | Vaults:1 | Entered Level 1 of the Vaults
 31328 | D:13     | Cast into level 2 of the Abyss (a wizard)
 31375 | D:13     | Escaped the Abyss
 31377 | D:13     | Received a gift from Trog
 31797 | D:13     | Reached XP level 19. HP: 183/201 MP: 18/18
 31928 | Vaults:1 | Reached skill level 18 in Unarmed Combat
 32021 | Vaults:1 | Reached skill level 5 in Evocations
 32350 | Vaults:1 | Received a gift from Trog
 33311 | Vaults:2 | Noticed Xtahua
 33329 | Vaults:2 | Killed Xtahua
 33438 | Vaults:2 | HP: 60/201 [something/shard of ice[a deep elf high priest]
                  | (31)]
 34260 | Vaults:2 | Received a gift from Trog
 34616 | Vaults:2 | Reached XP level 20. HP: 210/213 MP: 19/19
 35137 | Vaults:3 | Found a magical portal.
 35142 | WizLab   | Entered The Hall of the Hellbinder
 35362 | Vaults:3 | Found Ryoqov's Assorted Antiques.
 35371 | Vaults:3 | Bought a dented diamond amulet for 185 gold pieces
 35651 | Vaults:3 | Found a staircase to the Crypt.
 35788 | Vaults:3 | Received a gift from Trog
 35924 | Vaults:3 | Noticed Nikola
 35954 | Vaults:3 | Killed Nikola
 36938 | Vaults:4 | HP: 67/215 [vault warden/+2 battleaxe of electrocution
                  | (24)]
 37196 | Vaults:4 | Noticed Mennas
 37252 | Vaults:4 | Received a gift from Trog
 37517 | Vaults:4 | Killed Mennas
 38393 | D:14     | Reached XP level 21. HP: 223/223 MP: 20/20
 38447 | D:14     | Noticed Frances
 38449 | D:14     | Noticed Snorg
 38457 | D:14     | Killed Frances
 38465 | D:14     | Killed Snorg
 38668 | D:15     | Entered Level 15 of the Dungeon
 38680 | D:15     | Received a gift from Trog
 39340 | D:15     | Found an opulent altar of Gozag.
 39536 | D:15     | Found a sacrificial altar of Ru.
 39734 | D:15     | Found a staircase to the Depths.
 39959 | Depths:1 | Entered Level 1 of the Depths
 40130 | Depths:1 | Found Big Baal Hell's Store.
 40158 | Depths:1 | Found a gateway to Hell.
 40193 | Depths:1 | Found Ryfiap's Weapon Emporium.
 40218 | Depths:1 | Found Qegypp's Antique Armour Shoppe.
 40227 | Depths:1 | Bought the +9 scales of the Dragon King {rPois rF+ rC+
                  | Will+} for 3120 gold pieces
 40227 | Depths:1 | Found the +9 scales of the Dragon King {rPois rF+ rC+
                  | Will+}
 40430 | Depths:1 | HP: 72/226 [stone giant (13)]
 41387 | Depths:2 | Found a one-way gateway to a ziggurat.
 41692 | Depths:2 | Found a one-way gate to the infinite horrors of the Abyss.
 42356 | Depths:3 | Received a gift from Trog
 42479 | Depths:3 | You fall into a shaft and drop 1 floor!
 42479 | Depths:4 | Entered Level 4 of the Depths
 42729 | Depths:3 | Found the +7 pair of quick blades "Gyre" and "Gimble"
                  | {protect}
 43011 | Depths:3 | Found an ornate altar of the Wu Jian Council.
 43266 | Depths:4 | Reached skill level 19 in Unarmed Combat
 43399 | Depths:4 | Found Pyatzu Suna's Jewellery Shop.
 43401 | Depths:4 | Found Voff's Book Emporium.
 43402 | Depths:4 | Found Ruhedixt's Jewellery Shop.
 43416 | Depths:4 | Bought the ring of Bufa {Will+ AC+4 Int+3 Stlth+} for 980
                  | gold pieces
 43602 | Depths:4 | Found a gate to the Realm of Zot.
 44060 | Depths:4 | Found a one-way gate leading to the halls of Pandemonium.
 44064 | Depths:4 | Reached XP level 22. HP: 236/236 MP: 21/21
 44068 | Depths:4 | Received a gift from Trog
 44545 | Elf:1    | Entered Level 1 of the Elven Halls
 45512 | Elf:1    | Found an ancient bone altar of Kikubaaqudgha.
 45548 | Elf:2    | Found a flickering gateway to a bazaar.
 45571 | Bazaar   | Entered a bazaar
 45585 | Bazaar   | Found Dyeplucs's Antique Weapon Shoppe.
 45585 | Bazaar   | Found Tyecaav's Jewellery Emporium.
 45607 | Bazaar   | Found Limun's Distillery.
 45623 | Bazaar   | Found Wehuur's Armour Shoppe.
 45623 | Bazaar   | Found Hoqioph's Book Emporium.
 45697 | Bazaar   | Bought a potion of heal wounds for 75 gold pieces
 45697 | Bazaar   | Bought a potion of curing for 45 gold pieces
 45814 | Elf:2    | Received a gift from Trog
 45898 | Elf:2    | Paralysed by an air elemental for 1 turns
 46094 | Elf:2    | Found a runed translucent gate.
 46094 | Elf:2    | Found a runed translucent gate.
 46106 | Elf:2    | Found a runed translucent gate.
 46373 | Elf:3    | Entered Level 3 of the Elven Halls
 46556 | Elf:3    | Identified the amulet of Uxifavum {Faith rN+ Int+4}
 46791 | Elf:3    | Reached skill level 15 in Armour
 46794 | Elf:2    | HP: 31/156 [deep elf death mage/bolt of negative energy
                  | (42)]
 46968 | Elf:3    | Reached skill level 20 in Unarmed Combat
 47041 | Elf:3    | Identified the ring "Xesynidgh" {rF+ AC+4}
 47064 | Elf:3    | Received a gift from Trog
 47094 | Elf:3    | Identified the ring "Juakk" {Will+ EV+4 Str+4}
 47632 | Elf:3    | Noticed Asterion
 47654 | Elf:3    | Killed Asterion
 47747 | Elf:3    | Identified the amulet "Zixy" {Faith Int+6}
 48313 | Vaults:5 | Entered Level 5 of the Vaults
 48649 | Vaults:4 | Received a gift from Trog
 49187 | Vaults:5 | Noticed a golden dragon
 49187 | Vaults:5 | a frost giant changed into a golden dragon
 49193 | Vaults:5 | Killed a golden dragon
 49570 | Vaults:5 | Reached skill level 21 in Unarmed Combat
 49669 | Vaults:5 | Noticed Sojobo
 49680 | Vaults:5 | Reached XP level 23. HP: 127/229 MP: 22/22
 49683 | Vaults:5 | Killed Sojobo
 49756 | Vaults:5 | Noticed an ancient lich
 49773 | Vaults:5 | Killed an ancient lich
 49814 | Vaults:5 | Noticed an ancient lich
 49829 | Vaults:5 | Killed an ancient lich
 49919 | Vaults:5 | Got a silver rune of Zot
 50084 | Vaults:5 | Received a gift from Trog
 50479 | Vaults:5 | Found the +3 pair of gauntlets of War {Slay+5}
 50487 | Vaults:5 | Identified the amulet "Ate Qaoth" {RegenMP rElec Int+2
                  | Dex+2}
 50762 | Vaults:5 | Identified the +8 broad axe of Contradiction {drain, rCorr}
 50815 | Vaults:5 | Identified the +6 mace "Dosusux" {vorpal, rElec rPois}
 50816 | Vaults:5 | Identified the +7 hunting sling "Satoak" {flame, rCorr
                  | Str+4}
 51141 | Hell     | Entered the Vestibule of Hell
 51141 | Hell     | Noticed Geryon
 51160 | Hell     | Noticed Murray
 51181 | Depths:1 | HP: 102/363 [??? (80)]
 51184 | Depths:1 | Killed Murray
 51444 | Hell     | Received a gift from Trog
 51533 | Hell     | Killed Geryon
 51966 | Pan      | Entered Pandemonium
 51966 | Pan      | Noticed Juqeitoico the pandemonium lord
 51990 | Pan      | HP: 77/244 [??? (61)]
 51992 | Pan      | HP: 29/244 [hellion/damnation (18)]
 51997 | Pan      | HP: 37/244 [hellion/damnation (39)]
 51999 | Pan      | Killed Juqeitoico the pandemonium lord
 52601 | Pan      | Received a gift from Trog
 52917 | Pan      | Reached skill level 22 in Unarmed Combat
 53040 | Pan      | Entered the realm of Cerebov.
 53570 | Pan      | Identified the +7 hunting sling of the Bouncing Deaths
                  | {flame, rF+ rCorr Dex-4}
 53588 | Pan      | Identified the ring "Miuh" {Wiz rC- MP+9 Int+7}
 53593 | Pan      | Identified the +9 hand axe of Qerr {venom, rElec Will+
                  | Int+4 SInv}
 53605 | Pan      | Identified the ring of Sitra Xokk {rElec EV+4 Str+4}
 53633 | Pan      | Reached skill level 10 in Dodging
 53717 | Pan      | Found the +6 sword of Cerebov {flame}
 53717 | Pan      | Noticed Cerebov
 53748 | Pan      | HP: 70/244 [hellion/damnation[Cerebov] (24)]
 53826 | Pan      | Received a gift from Trog
 53833 | Pan      | Reached XP level 24. HP: 132/253 MP: 22/22
 53981 | Pan      | Killed Cerebov
 54008 | Pan      | Got a fiery rune of Zot
 54121 | Pan      | Noticed Zaoresk the pandemonium lord
 54190 | Pan      | Gained mutation: Your body sometimes deteriorates upon
                  | taking damage. [a cacodemon]
 54244 | Pan      | Entered the realm of Lom Lobon.
 54508 | Pan      | HP: 78/253 [balrug/divine providence (12)]
 54519 | Pan      | HP: 81/253 [balrug/+2 demon whip of freezing (7)]
 54525 | Pan      | HP: 63/253 [yellow draconian annihilator/poison arrow (8)]
 54530 | Pan      | HP: 68/253 [poisoned by a yellow draconian annihilator
                  | (poison arrow)]
 54535 | Pan      | HP: 72/253 [poisoned by a yellow draconian annihilator
                  | (poison arrow)]
 55014 | Pan      | Noticed Lom Lobon
 55430 | Pan      | Received a gift from Trog
 55538 | Pan      | HP: 82/253 [spore (11)]
 55543 | Pan      | HP: 63/253 [Lom Lobon/great icy blast (16)]
 55549 | Pan      | HP: 47/253 [smoke demon/divine providence (13)]
 55908 | Pan      | Got a magical rune of Zot
 56075 | Pan      | HP: 83/253 [demonspawn warmonger/+1 demon trident of
                  | draining (28)]
 56080 | Pan      | HP: 62/237 [demonspawn black sun/bolt of negative energy
                  | (12)]
 56086 | Pan      | HP: 66/237 [demonspawn warmonger/+1 demon trident of
                  | draining (3)]
 56098 | Pan      | HP: 78/237 [demonspawn warmonger/+1 demon trident of
                  | draining (4)]
 56106 | Pan      | Noticed Lom Lobon
 56108 | Pan      | HP: 64/228 [Lom Lobon/vortex (7)]
 56912 | Pan      | Noticed Aned the pandemonium lord
 56922 | Pan      | Killed Aned the pandemonium lord
 57064 | Depths:4 | Escaped Pandemonium
 57122 | Zot:1    | Entered Level 1 of the Realm of Zot
 57828 | Zot:1    | Received a gift from Trog
 57945 | Zot:1    | Reached skill level 15 in Throwing
 58291 | Zot:1    | Reached skill level 23 in Unarmed Combat
 58495 | Zot:1    | Noticed an ancient lich
 58513 | Zot:1    | Killed an ancient lich
 58514 | Zot:1    | Reached XP level 25. HP: 141/253 MP: 22/22
 58639 | Zot:1    | Received a gift from Trog
 59073 | Zot:2    | Identified the amulet "Lel Vibi" {Reflect Will- MP+9 Dex+8
                  | SH+5}
 60161 | Zot:3    | Noticed a Killer Klown
 60170 | Zot:3    | Received a gift from Trog
 60201 | Zot:2    | Killed a Killer Klown
 60377 | Zot:3    | Identified the +0 pair of gloves of Enormous Freedom {Harm
                  | *Corrode rElec Str+4}
 61724 | Zot:3    | Reached skill level 24 in Unarmed Combat
 62209 | Zot:4    | Received a gift from Trog
 62579 | Zot:4    | HP: 82/261 [??? (65)]
 62584 | Zot:4    | HP: 54/261 [deathcap/drain life[a curse toe] (10)]
 62812 | Zot:5    | Entered Level 5 of the Realm of Zot
 62812 | Zot:5    | Found a huge runed gate.
 62812 | Zot:5    | Found a huge runed gate.
 62812 | Zot:5    | Found a huge runed gate.
 62812 | Zot:5    | Found a huge runed gate.
 62812 | Zot:5    | Found a huge runed gate.
 62812 | Zot:5    | Found a huge runed gate.
 62812 | Zot:5    | Found a huge runed gate.
 62812 | Zot:5    | Found a huge runed gate.
 62812 | Zot:5    | Found a huge runed gate.
 62812 | Zot:5    | Found a huge runed gate.
 62812 | Zot:5    | Noticed a dread lich
 62812 | Zot:5    | Noticed an ancient lich
 62818 | Zot:5    | Noticed an orb of fire
 62819 | Zot:5    | Noticed an ancient lich
 62823 | Zot:5    | Noticed a Killer Klown
 62823 | Zot:5    | Noticed an ancient lich
 62824 | Zot:5    | Found a huge runed gate.
 62824 | Zot:5    | Found a huge runed gate.
 62824 | Zot:5    | Found a huge runed gate.
 62824 | Zot:5    | Found a huge runed gate.
 62824 | Zot:5    | Found a huge runed gate.
 62824 | Zot:5    | Found a huge runed gate.
 62824 | Zot:5    | Found a huge runed gate.
 62824 | Zot:5    | Found a huge runed gate.
 62824 | Zot:5    | Found a huge runed gate.
 62826 | Zot:5    | Found a huge runed gate.
 62826 | Zot:5    | Found a huge runed gate.
 62826 | Zot:5    | Found a huge runed gate.
 62826 | Zot:5    | Found a huge runed gate.
 62826 | Zot:5    | Found a huge runed gate.
 62826 | Zot:5    | Found a huge runed gate.
 62826 | Zot:5    | Found a huge runed gate.
 62827 | Zot:5    | Found a huge runed gate.
 62828 | Zot:5    | Found a huge runed gate.
 62836 | Zot:5    | Found a huge runed gate.
 62836 | Zot:5    | Found a huge runed gate.
 62836 | Zot:5    | Found a huge runed gate.
 62836 | Zot:5    | Found a huge runed gate.
 62836 | Zot:5    | Found a huge runed gate.
 62909 | Zot:5    | Found a huge runed gate.
 62910 | Zot:5    | Found a huge runed gate.
 62911 | Zot:5    | Found a huge runed gate.
 63469 | Zot:5    | Noticed a Killer Klown
 63488 | Zot:5    | Killed a Killer Klown
 63489 | Zot:5    | Reached XP level 26. HP: 271/271 MP: 22/22
 63842 | Zot:5    | Killed an ancient lich
 63969 | Zot:5    | Noticed an orb of fire
 63975 | Zot:5    | Gained mutation: You are clumsy. (Dex -2) [an orb of fire]
 63980 | Zot:5    | Gained mutation: You sometimes lose the ability to read
                  | scrolls when taking damage. [an orb of fire]
 63981 | Zot:5    | Gained mutation: Your spells are a little easier to cast,
                  | but a little less powerful. [an orb of fire]
 63982 | Zot:5    | Gained mutation: Armour fits poorly on your strangely
                  | shaped body. [an orb of fire]
 63983 | Zot:5    | Gained mutation: You are very clumsy. (Dex -4) [an orb of
                  | fire]
 63984 | Zot:5    | Gained mutation: Potions are less effective at restoring
                  | your health. [an orb of fire]
 63988 | Zot:5    | Killed an orb of fire
 63991 | Zot:5    | Killed an orb of fire
 64047 | Zot:4    | Lost mutation: You sometimes lose the ability to read
                  | scrolls when taking damage. [potion of mutation]
 64047 | Zot:4    | Lost mutation: You are very clumsy. (Dex -4) [potion of
                  | mutation]
 64047 | Zot:4    | Gained mutation: A frigid envelope surrounds you and
                  | freezes all who hurt you. [potion of mutation]
 64047 | Zot:4    | Lost mutation: Your spells are a little easier to cast, but
                  | a little less powerful. [potion of mutation]
 64047 | Zot:4    | Gained mutation: You are partially covered in iridescent
                  | scales. (AC +2) [potion of mutation]
 64048 | Zot:4    | Lost mutation: Armour fits poorly on your strangely shaped
                  | body. [potion of mutation]
 64048 | Zot:4    | Lost mutation: A frigid envelope surrounds you and freezes
                  | all who hurt you. [potion of mutation]
 64048 | Zot:4    | Gained mutation: Armour fits poorly on your strangely
                  | shaped body. [potion of mutation]
 64048 | Zot:4    | Gained mutation: Your flesh is cold resistant. (rC+)
                  | [potion of mutation]
 64049 | Zot:4    | Lost mutation: Your flesh is cold resistant. (rC+) [potion
                  | of mutation]
 64049 | Zot:4    | Lost mutation: Armour fits poorly on your strangely shaped
                  | body. [potion of mutation]
 64356 | Zot:5    | Noticed an orb of fire
 64361 | Zot:5    | Gained mutation: Your magical capacity is low. (-10% MP)
                  | [an orb of fire]
 64363 | Zot:5    | Gained mutation: You sometimes lose the ability to read
                  | scrolls when taking damage. [an orb of fire]
 64367 | Zot:5    | Gained mutation: You are dopey. (Int -2) [an orb of fire]
 64370 | Zot:5    | Killed an orb of fire
 64415 | Zot:5    | Lost mutation: You are clumsy. (Dex -2) [potion of
                  | mutation]
 64415 | Zot:5    | Lost mutation: You are dopey. (Int -2) [potion of mutation]
 64415 | Zot:5    | Gained mutation: You are somewhat resistant to further
                  | mutation. [potion of mutation]
 64416 | Zot:5    | Lost mutation: You are partially covered in iridescent
                  | scales. (AC +2) [potion of mutation]
 64416 | Zot:5    | Lost mutation: You sometimes lose the ability to read
                  | scrolls when taking damage. [potion of mutation]
 64470 | Zot:5    | Received a gift from Trog
 64479 | Zot:5    | Killed an ancient lich
 65123 | Zot:5    | Killed an ancient lich
 65166 | Zot:5    | Reached skill level 25 in Unarmed Combat
 65998 | Zot:5    | Noticed a dread lich
 66008 | Zot:5    | Killed a dread lich
 66090 | Zot:5    | Killed a dread lich
 66498 | Zot:5    | Noticed an ancient lich
 66509 | Zot:5    | Killed an ancient lich
 66561 | Zot:5    | Got the Orb of Zot
 67143 | D:1      | Noticed Ufferuz the pandemonium lord
 67191 | D:1      | phew
 67191 | D:1      | all these years and never won a troll berserker i think
 67191 | D:1      | pan was hard. lots of hp, low defenses
 67191 | D:1      | glad lom didnt come back during the ascent
 67191 | D:1      | good early armor helped a lot
 67191 | D:1      | and claws are always awesome
 67192 | D:$      | Escaped with the Orb!

Illustrated notes

#.#.###########...###..####...###
#.#2.###...........##...........#
#.#.#.##.###..2.....#...###...#.#
.4####.#.##..##''##.2...# ###...#
..# ##2..2.##≈..≈##...## ####.
..# ##..####≈≈≈≈####..## #. 3.#
#...#############..# ###. ..#
#.####≈≈≈≈≈≈≈≈####.# #... ..# #.#
#≈≈≈..@.≈≈≈# #.# #.## ..# #.#
#.....3....# #2# #.# ..# ##.#
#'##....##'# #.## #.# #.#
##..###..##''##..###..## #.#
#.###..###⌠..#....#..⌠###..###.##
#.##..########....########.......
#.##.###≈≈≈.......§..≈≈≈###..####
#..#.#≈≈≈≈.......§#...≈≈≈≈#..#
##...≈≈≈≈...##≈....§...≈≈≈≈..#


Turn 67191 on D:1: phew

Levels and vault maps discovered:
D:1:      denvon_arrival_waterhouse, layout_basic, minmay_misc_feat_x
D:2:      layout_rooms, serial_shops, shop
D:3:      layout_loops_ring, mainiacjoe_overflow_tiny_flanked, uniq_jessica
D:4:      layout_basic, elyvilon_altar_4, led_sif_book,
          minmay_temple_entry_statues, serial_shops, shop, nicolae_shop_trees
D:5:      layout_basic, uniq_grinder, uniq_edmund, uniq_pikel
D:6:      layout_layer_cave, mainiacjoe_overflow_small_starburst
D:7:      layout_basic, serial_shops, shop_statue, uniq_maggie
D:8:      minmay_the_grid_octo_triangle [minmay_the_grid_octo_fat_diamond,
          minmay_the_grid_octo_prize_big_c, minmay_the_grid_octo_thin_diamonds],
          layout_cave_pods, lightli_bailey_entry_fortress, ebering_ghost_xom,
          minmay_holes, jiyva_altar_1
D:9:      layout_gridville, kennysheep_slug_shrine
D:10:     layout_roguey [special_room_bee], cheibrodos_ashenzari_chains
D:11:     layout_loops_corners, minmay_lair_entry_grove, orc_0_dummy,
          uniq_harold, uniq_erolcha
D:12:     layout_loops_cross, serial_shops, kennysheep_mini_moat
D:13:     nicolae_cairo_tiling, layout_irregular_city,
          grunt_vaults_entry_fortified, uniq_rupert
D:14:     layout_cave_pods, patterned_corridor, serial_column_ruins,
          column_ruins_hut_water, column_ruins_open_medium, column_ruins_grid_1,
          column_ruins_columns_straight, column_ruins_grid_1,
          column_ruins_open_tiny, column_ruins_grid_1, hex_tiny, uniq_frances,
          uniq_snorg
D:15:     gammafunk_enter_depths_forms, layout_long_grid,
          nicolae_gozag_seed_capital, nicolae_ru_path_of_blood
Lair:1:   layout_small_grid, gammafunk_ghost_split, beast_lair_carwin_9
Lair:2:   layout_gridlike, portal_ice_cave_entry_ice_simulacra,
          serial_bayou_shore_b
Lair:3:   layout_regular_city, shoals_dummy_entry, gauntlet_entry_generic,
          st_stairs_4
Lair:4:   layout_hall_layers, spider_nest_entry_webs, gammafunk_ghost_split
Lair:5:   layout_gridlike, hellmonk_ghost_happy_afterlife
Lair:6:   minmay_lair_end_enchanted_forest, layout_small_grid, slime_altar_1,
          lemuel_fruit_fields, uniq_urug
Shoals:1: layout_shoals, nicolae_shoals_shepherds
Shoals:2: layout_shoals, nicolae_shoals_beach_house_on_fowls_legs, uniq_ilsuiw
Shoals:3: cheibrodos_shoals_epimethial_gifts, layout_shoals, serial_shops,
          nicolae_shop_statue_plus, uniq_polyphemus
Shoals:4: shoals_end_simple, layout_shoals
Spider:1: layout_spider_delve, uniq_mlioglotl, uniq_azrael
Spider:2: layout_spider_delve, hangedman_spider_tarantella_strand
Spider:3: layout_spider_delve, hellmonk_test_site
Spider:4: grunt_spider_rune_circles, uniq_donald, uniq_mara
Orc:1:    layout_caves
Orc:2:    st_orc_open, layout_diamond_mine, lemuel_statue_altar
Elf:1:    layout_geoelf_octagon, kennysheep_underground_church,
          lemuel_upstairs_altar
Elf:2:    elven_hall_of_blades_hangedman_original [grunt_blade_entry_basic],
          layout_geoelf_octagon, serial_shops, bzr_entry_dummy,
          bh_hangedman_babel_library
Elf:3:    grunt_elf_hall_diamonds, layout_gridlike, uniq_asterion
Vaults:1: vaults_room_grunt_arrival_ludios, hangedman_vaults_locks,
          nicolae_vaults_arrows, vaults_mumra_minichess, v_misc_29,
          vaults_dpeg_spiral, vaults_room_corners, layout_vaults_chaotic_city
Vaults:2: ontoclasm_vaults_shout, v_misc_31, nicolae_vaults_mini_display_case,
          nicolae_vaults_little_squares_2, nicolae_vaults_network_barrier,
          nicolae_vaults_asterisk, nicolae_vaults_border_crossing,
          vaults_dpeg_encased_lava, vaults_room_grid,
          nicolae_vaults_network_quinsquares
          [nicolae_vaults_network_quincunx_subvault,
          nicolae_vaults_network_quincunx_subvault,
          nicolae_vaults_network_quincunx_subvault,
          nicolae_vaults_network_quincunx_subvault], ontoclasm_vaults_pinch,
          nicolae_vaults_what_the_h, nicolae_vaults_little_squares_3,
          vaults_room_semicircle, layout_vaults_maze, uniq_xtahua
Vaults:3: infiniplex_enter_wizlab_spiral, v_misc_27,
          nicolae_vaults_little_squares_1, hangedman_vaults_stagger,
          vaults_room_fours, ontoclasm_vaults_chip, v_misc_9, v_alt_pattern_1,
          nicolae_vaults_alarming, vaults_room_grid, blue_anna_dwarven_crypt,
          layout_vaults_omnicross, serial_shops,
          nicolae_shop_overgrown_old_shop, uniq_nikola
Vaults:4: hangedman_vaults_unwind, st_eye, hangedman_vaults_stretched_pinwheel,
          ontoclasm_vaults_misaligned, ontoclasm_vaults_hangar,
          ontoclasm_vaults_idyll, hangedman_vaults_slice,
          hangedman_vaults_nails, hangedman_vaults_cutoff, layout_vaults_ring,
          uniq_mennas
Vaults:5: uniq_sojobo
Depths:1: layout_basic, hex_intersection, nicolae_hell_entry_big_baal_hell,
          hangedman_eye_storm, minmay_shoptagon
Depths:2: evilmike_wizard_prison, layout_gridlike, enter_ziggurat_a, pan_entry,
          minmay_room_of_horrors, hell_entry,
          nicolae_concentric_dashed_squares_mild,
          minmay_staircase_statues_hall_small, serial_bayou_shore_b
Depths:3: evilmike_inaccessible_box, layout_gridlike, hell_entry,
          nicolae_wu_jian_immortal_techniques, abyss_entry_crystal, uniq_margery
Depths:4: evilmike_zot_entry_diamond, layout_gridlike, pf_hell_entry_great_geh,
          rand_demon_pan_entry_9, minmay_shop_grove
Hell
Zot:1:    layout_cellular_growth, lemuel_lich_library
Zot:2:    layout_onion, st_small_dragon_hoard_2, hangedman_zot_gyre
Zot:3:    layout_cathedral_of_symmetry
Zot:4:    layout_gridlike
Zot:5:    layout_concentric_octagons, door_vault

Skill      XL: |  1  2  3  4  5  6  7  8  9 10 11 12 13 14 15 16 17 18 19 20 21 22 23 24 25 26 |
---------------+-------------------------------------------------------------------------------+-----
Unarmed Combat | 4 5 7 9 10 12 13 14 16 17 18 19 21 22 23 24 25 | 25.0
Fighting       | 3 4 5 6 7 11 13 14 15 16 17 18 | 18.5
Shields        | 3 5 6 7 9 12 13 15 16 17 | 17.3
Throwing       | 5 8 10 12 15 16 | 16.0
Dodging        | 5 6 8 9 10 11 14 | 14.7
Armour         | 6 8 11 12 14 16 18 20 | 20.4
Evocations     | 4 6 8 9 |  9.4

Action                   |  1- 3 |  4- 6 |  7- 9 | 10-12 | 13-15 | 16-18 | 19-21 | 22-24 | 25-27 || total
-------------------------+-------+-------+-------+-------+-------+-------+-------+-------+-------++-------
Melee: Unarmed           |    77 |    45 |   161 |   431 |  1164 |  1696 |  1904 |  1935 |   695 ||  8108
       Punch             |     2 |     2 |     5 |       |       |       |       |       |       ||     9
Throw: Large rock        |       |       |       |    21 |    40 |       |       |     2 |       ||    63
       Boomerang         |       |       |       |       |    36 |   147 |    43 |   212 |   222 ||   660
       Throwing net      |       |       |       |       |       |       |       |     4 |       ||     4
       Javelin           |       |       |       |       |       |       |       |    18 |     2 ||    20
Invok: Berserk           |       |     3 |     5 |     5 |     1 |     1 |     1 |     1 |       ||    17
       Trog's Hand       |       |     1 |       |     2 |     9 |     8 |    16 |    22 |     3 ||    61
       Brothers in Arms  |       |       |       |     1 |     2 |     2 |     3 |     7 |     1 ||    16
 Abil: Evoke Invisibilit |       |       |       |       |       |       |       |     1 |       ||     1
Evoke: Wand              |       |     3 |       |     3 |     1 |     1 |       |       |     1 ||     9
       Tin of tremorston |       |       |       |       |     2 |       |     8 |       |       ||    10
       Box of beasts     |       |       |       |       |       |     2 |       |     2 |       ||     4
       Condenser vane    |       |       |       |       |       |       |       |     2 |       ||     2
  Use: Scroll            |     3 |     1 |     3 |     5 |    22 |     4 |     5 |    14 |     5 ||    62
       Potion            |       |       |       |     3 |       |     4 |       |    12 |    10 ||    29
 Stab: Sleeping          |     1 |     1 |       |       |     3 |     3 |     5 |       |       ||    13
       Paralysed         |       |       |       |     5 |       |       |       |       |       ||     5
       Distracted        |       |       |       |       |     1 |     2 |     1 |     1 |     1 ||     6
       Petrifying        |       |       |       |       |       |     3 |       |       |       ||     3
       Petrified         |       |       |       |       |       |     2 |       |       |       ||     2
       Held in net/web   |       |       |       |       |       |       |       |     2 |       ||     2
       Invisible         |       |       |       |       |       |       |       |     4 |       ||     4
Armor: Animal skin       |    13 |     8 |     2 |       |       |       |       |       |       ||    23
       Robe              |       |       |    47 |   115 |    45 |       |       |       |       ||   207
       Shadow dragon sca |       |       |       |       |   403 |  1066 |   568 |       |       ||  2037
       Gold dragon scale |       |       |       |       |       |       |   174 |   856 |   281 ||  1311
Dodge: Dodged            |    26 |    18 |    40 |   115 |   236 |   399 |   344 |   372 |   132 ||  1682
Block: Kite shield       |       |       |    25 |   203 |   147 |       |       |       |       ||   375
       Tower shield      |       |       |       |       |  1090 |  2658 |  2030 |  2345 |   625 ||  8748
